 Dungeon Crawl Stone Soup version 0.22-a0-558-gc224181 (webtiles) character file.

0 glosham the Skirmisher (level 1, -5/18 HPs)
             Began as a Mummy Abyssal Knight on June 26, 2018.
             Was a Follower of Lugonu.
             Killed by divine providence
             ... invoked by a smoke demon
              (12 damage)
             ... on level 3 of the Abyss.
             The game lasted 00:03:49 (169 turns).

glosham the Skirmisher (Mummy Abyssal Knight)        Turns: 169, Time: 00:03:50

Health: -5/18      AC:  3    Str: 15      XL:     1   Next: 0%
Magic:  2/2        EV: 11    Int:  9 (11) God:    Lugonu [*.....]
Gold:   90         SH:  0    Dex: 11      Spells: 0/0 levels left

rFire    x . .     SeeInvis .   a - +1 hand axe
rCold    + . .     Gourm    .   (no shield)
rNeg     + + +     Faith    .   X - +0 leather armour
rPois    ∞         Spirit   .   (no helmet)
rElec    .         Reflect  .   (no cloak)
rCorr    .         Harm     .   (no gloves)
MR       .....                  (no boots)
Stlth    +.........             (no amulet)
HPRegen  0.06/turn              (no ring)
MPRegen  0.08/turn              (no ring)

@: no status effects
A: no food or potions, fire vulnerability, cold resistance 1, negative energy
resistance 3, torment resistance, unbreathing
a: Depart the Abyss, Renounce Religion


You were on level 3 of the Abyss.
You worshipped Lugonu.
Lugonu was aware of your devotion.
You were not hungry.

You visited 0 branches of the dungeon, and saw 0 of its levels.
You visited the Abyss 1 time.

You collected 90 gold pieces.

Inventory:

Hand Weapons
 a - a +1 hand axe (weapon)
 b - a +2 shortbow of freezing
Armour
 X - a +0 leather armour (worn)


   Skills:
 - Level 3.0 Fighting
 - Level 1.5 Axes
 - Level 1.5 Armour
 - Level 0.7 Dodging
 * Level 0.0 Stealth
 - Level 1.5 Invocations


You couldn't memorise any spells.
You didn't know any spells.
Your spell library was empty.

Dungeon Overview and Level Annotations

Branches:
Dungeon (0/15)

Altars:


Innate Abilities, Weirdness & Mutations

You do not eat or drink.
Your flesh is vulnerable to fire.
You are immune to poison.
Your flesh is cold resistant. (rC+)
You are immune to negative energy. (rN+++)
You are immune to unholy pain and torment.
You can survive without breathing.


Message History

A large abomination comes into view.
You see here 54 gold pieces.
You now have 90 gold pieces (gained 54).
An ancient zyme comes into view.
An ancient zyme comes into view.
A smoke demon comes into view.
The smoke demon roars!
The smoke demon moves out of view.
A rust devil comes into view.
The ancient zyme completely misses you. The ancient zyme closely misses you.
A worldbinder comes into view.
The worldbinder moves out of view.
The worldbinder calls forth creatures from the Crypt!
A large abomination comes into view.
A tentacled starspawn comes into view.
Found a trident.
The worldbinder hits you but does no damage.
The worldbinder hits you.
A neqoxec comes into view.
The neqoxec shouts!
The worldbinder hits you but does no damage.
The worldbinder hits you. The worldbinder hits you.
The worldbinder closely misses you.
The worldbinder calls forth creatures from the Crypt!
The neqoxec gestures at you.
You feel dopey. Something feeds on your intellect!
The worldbinder calls forth creatures from the Crypt!
The neqoxec gestures at you.
Something tries to feed on your intellect!
A large abomination comes into view.
The worldbinder calls forth creatures from the Crypt!
The shadow slips into darkness.
The shadow flickers and vanishes!
The wraith disappears in a puff of smoke!
The worldbinder calls forth creatures from the Crypt!
The smoke demon gestures at you. Something smites you!
Ouch! That really hurt!
You die...

.# #. #.#3#.... .#.
..# #...#. .###.
.... #.# #3...##. #
.... #.# #.##..# . .
#..##.#.#.# ..W#
#...
#..#.##.#####.##..#
#.#.#.X#...##.x..#..
#...#..# ..W# ##.
#.#@##.#XW#....#
#...##..###.#.#
#.######. #.. .# .#.
.#. .# #.# ..#.. .#
.# #.#.# .. .## #. #
.#


You could see a large abomination and a smoke demon.

Vanquished Creatures (others)
  2 starspawn tentacles (Abyss:3)
2 creatures vanquished.

Notes
Turn   | Place    | Note
-------+----------+-------------------------------------------
     0 | Abyss:1  | glosham the Mummy Abyssal Knight began the quest for the Orb.
     0 | Abyss:1  | Reached XP level 1. HP: 18/18 MP: 2/2
    61 | Abyss:2  | Noticed a wretched star
    92 | Abyss:3  | Noticed a large abomination
    98 | Abyss:3  | Noticed an ancient zyme
    99 | Abyss:3  | Noticed an ancient zyme
   110 | Abyss:3  | Noticed a smoke demon
   118 | Abyss:3  | Noticed a rust devil
   137 | Abyss:3  | Noticed a worldbinder
   138 | Abyss:3  | Noticed a large abomination
   139 | Abyss:3  | Noticed a shadow
   139 | Abyss:3  | Noticed a wraith
   139 | Abyss:3  | Noticed a tentacled starspawn
   146 | Abyss:3  | Noticed a neqoxec
   151 | Abyss:3  | Noticed a wraith
   156 | Abyss:3  | Noticed a shadow
   158 | Abyss:3  | Noticed a large abomination
   160 | Abyss:3  | Noticed a wraith
   169 | Abyss:3  | Killed from afar by a smoke demon

Vault maps used:
Abyss:2:  evilmike_abyss_exit_chaos
Abyss:3:  evilmike_abyss_rune_elephants_shrine

Action                   || total
-------------------------++-------
  Use: Scroll            ||     1
Armor: Leather armour    ||     2
Dodge: Dodged            ||     3

Table legend:
 A = Spawn XP
 B = Non-spawn XP
 C = Spawn XP percentage of total XP
 D = Spawn monster count
 E = Non-spawn monster count
 F = Spawn count percentage of total count
 G = Total turns spent on level
                    A         B        C        D         E        F      G
               +---------+---------+-------+---------+---------+-------+---------
         Total |       0 |       0 |   N/A |       0 |       0 |   N/A |   169
               +---------+---------+-------+---------+---------+-------+---------
               +---------+---------+-------+---------+---------+-------+---------

Table legend:
 A = Turns spent in this place as a percentage of turns spent in the entire game.
 B = Non-inter-level travel turns spent in this place as a percentage of non-inter-level travel turns spent in the entire game.
 C = Inter-level travel turns spent in this place as a percentage of turns spent in this place.
 D = Turns resting spent in this place as a percentage of non-inter-level travel turns spent in this place.
 E = Turns spent auto-exploring this place as a percentage of non-inter-level travel turns spent in this place.
 F = Non-inter-level travel turns spent in this place divided by the number of levels of this place that you've seen.
                   A       B       C       D       E      F
               +-------+-------+-------+-------+-------+----------------------
         Total | 100.0 | 100.0 |   0.0 |   0.0 |   0.0 |  56.3
         Abyss | 100.0 | 100.0 |   0.0 |   0.0 |   0.0 |  56.3
               +-------+-------+-------+-------+-------+----------------------

Vault maps used:
Abyss:2:  evilmike_abyss_exit_chaos
Abyss:3:  evilmike_abyss_rune_elephants_shrine
